 Dungeon Crawl Stone Soup version 0.16-a0-3940-gf8a207b (webtiles) character file.

313 timbw the Slasher (level 6, -6/44 HPs)
             Began as a Human Gladiator on Feb 7, 2015.
             Was an Initiate of Okawaru.
             Mangled by a giant frog zombie (7 damage)
             ... on level 6 of the Dungeon.
             The game lasted 00:04:56 (1516 turns).

timbw the Slasher (Human Gladiator)                 Turns: 1516, Time: 00:04:56

Health: -6/44      AC:  1    Str: 15    XL:     6   Next: 71%
Magic:  6/6        EV: 13    Int:  9    God:    Okawaru [......]
Gold:   36         SH:  0    Dex: 15    Spells: 0 memorised, 5 levels left

rFire  . . .     SeeInvis .     a - +0 long sword
rCold  . . .     Clarity  +     b - +0 leather armour
rNeg   . . .     SustAb   .     (no shield)
rPois  .         Gourm    .     (helmet restricted)
rElec  .         Spirit   .     (no cloak)
rCorr  .         Warding  .     (no gloves)
rMut   .         Stasis   .     (no boots)
MR     .....                    (no amulet)
Stlth  +.........               (no ring)
                                (no ring)

@: lethally poisoned (-6 -> -8), flying, not resistant to hostile enchantments,
very unstealthy
A: horns 1, clarity, deformed body
a: Renounce Religion


You were on level 6 of the Dungeon.
You worshipped Okawaru.
Okawaru was noncommittal.
You were not hungry.

You visited 2 branches of the dungeon, and saw 7 of its levels.

You collected 36 gold pieces.

Inventory:

Hand weapons
 a - a +0 long sword (weapon)
 r - a +0 blowgun
Missiles
 d - a throwing net (quivered)
 e - a curare-tipped needle
 n - 4 javelins
Armour
 b - a +0 leather armour (worn)
 c - a +0 helmet
Magical devices
 j - a wand of lightning (12)
 s - a wand of confusion (19)
Scrolls
 l - a scroll of remove curse
 t - a scroll of blinking
Potions
 k - a potion of flight
 p - a potion of brilliance {unknown}
Books
 h - a book of Hinderance

   Spells                             Type                      Level
   a - Confusing Touch                Hexes                        2
   b - Confuse                        Hexes                        3
   c - Petrify                        Transmutation/Earth          4
   d - Metabolic Englaciation         Hexes/Ice                    5
   e - Summon Mana Viper              Hexes/Summoning              5
   f - Gell's Gravitas                Hexes/Translocation          6
Comestibles
 f - 3 bread rations
 g - a meat ration
 i - a beef jerky
 q - a chunk of flesh


   Skills:
 - Level 2.0 Fighting
 + Level 7.0 Long Blades
 - Level 2.0 Throwing
 - Level 3.0 Dodging


You had 5 spell levels left.
You didn't know any spells.

Dungeon Overview and Level Annotations

Branches:
Dungeon (6/15)             Temple (1/1) D:5

Altars:
Ashenzari
Cheibriados
Dithmenos
Fedhas
Kikubaaqudgha
Makhleb
Nemelex Xobeh
Okawaru
Qazlal
Ru
Sif Muna
Vehumet
Xom
Yredelemnul
Zin
The Shining One


Innate Abilities, Weirdness & Mutations

You have a pair of small horns on your head.
You possess an exceptional clarity of mind.
Armour fits poorly on your strangely shaped body.


Message History

The giant frog zombie misses you.
You hit the giant frog zombie.
You feel sick. The giant frog zombie hits you.
* * * LOW HITPOINT WARNING * * *
Drink which item? (? for menu, Esc to quit)
It was a potion of flight.
You feel very buoyant.
You fly up into the air.
The giant frog zombie hits you.
* * * LOW HITPOINT WARNING * * *
Unknown command.
Drink which item? (? for menu, Esc to quit)
It was a potion of mutation.
You feel extremely strange.
Your body twists and deforms.
Your thoughts seem clearer.
A pair of horns grows on your head!
Your +0 helmet falls away!
The giant frog zombie closely misses you.
The giant frog zombie hits you but does no damage.
Drink which item? (? for menu, Esc to quit)
It was a potion of ambrosia.
You feel momentarily confused.
You feel briefly invigorated. The giant frog zombie hits you!
You die...

#.....##....#.....#
#.....##....#.....#
####...#.............#####
#......#..................
....(..(#..........†.......
........(#.................
.........#.............####
......O..#####...#.....#
.......sZ#@......#.....#
##.......#Z).....#.....####
.........).......#..##.....
.............##........###
......(......##........##.
........#....##........##.
.......####...........†..
......# .!............
.....# .$............


You could see a giant frog zombie.

Vanquished Creatures
  2 ogres
  A crimson imp (D:5)
  An iguana (D:5)
  A hound skeleton (D:3)
  3 adders
  A giant mite (D:6)
  2 giant geckos (D:3)
  An orc (D:6)
  2 bats
  2 giant cockroaches (D:2)
  A hobgoblin (D:6)
  2 jackals (D:2)
  9 kobolds
  3 quokkas
  A giant newt (D:4)
  6 goblins
  3 rats (D:2)
41 creatures vanquished.

Notes
Turn   | Place    | Note
--------------------------------------------------------------
     0 | D:1      | timbw, the Human Gladiator, began the quest for the Orb.
     0 | D:1      | Reached XP level 1. HP: 16/16 MP: 1/1
   175 | D:2      | Reached XP level 2. HP: 15/22 MP: 2/2
   308 | D:2      | Reached skill level 4 in Long Blades
   308 | D:2      | Reached XP level 3. HP: 12/27 MP: 3/3
   744 | D:3      | Reached XP level 4. HP: 22/33 MP: 4/4
   895 | D:4      | Noticed an ogre
   913 | D:4      | Killed an ogre
   913 | D:4      | Reached skill level 5 in Long Blades
   913 | D:4      | Reached XP level 5. HP: 11/38 MP: 5/5
  1218 | D:5      | Entered Level 5 of the Dungeon
  1245 | D:5      | Reached skill level 6 in Long Blades
  1281 | D:5      | Found a staircase to the Ecumenical Temple.
  1300 | Temple   | Entered the Ecumenical Temple
  1355 | Temple   | Became a worshipper of Warmaster Okawaru
  1406 | D:5      | Reached XP level 6. HP: 37/44 MP: 6/6
  1511 | D:6      | Reached skill level 7 in Long Blades
  1513 | D:6      | HP: 2/44 [giant frog zombie (5)]
  1515 | D:6      | Gained mutation: Armour fits poorly on your strangely shaped body. [potion of mutation]
  1515 | D:6      | Gained mutation: You possess an exceptional clarity of mind. [potion of mutation]
  1515 | D:6      | Gained mutation: You have a pair of small horns on your head. [potion of mutation]
  1516 | D:6      | Mangled by a giant frog zombie

Action                   |  1- 3 |  4- 6 || total
-------------------------+-------+-------++-------
Melee: Long sword        |    82 |    56 ||   138
 Fire: Blowgun           |       |     2 ||     2
Throw: Throwing net      |     3 |     4 ||     7
  Use: Scroll            |       |     3 ||     3
       Potion            |       |     3 ||     3
 Stab: Held in net/web   |       |     2 ||     2
  Eat: Chunk             |       |     2 ||     2
